 Dungeon Crawl Stone Soup version 0.31.0-11-ge490571c62 (webtiles) character file.

Game seed: 16749381074370167596

12474 hawla the Gouger (level 11, -1/55 HPs)
             Began as a Felid Shapeshifter on Jan 27, 2024.
             Was a High Priest of Makhleb.
             Slain by a minotaur (10 damage)
             ... in a Gauntlet.
             The game lasted 00:26:44 (9767 turns).

hawla the Gouger (Felid Shapeshifter)               Turns: 9767, Time: 00:26:46

Health: -1/55      AC:  2    Str:  8    XL:     11   Next: 62%
Magic:  14/14      EV: 28    Int: 20    God:    Makhleb [*****.]
Gold:   719        SH:  5    Dex: 28    Spells: 10/10 levels left
                                        Lives:  0   Deaths: 3

rFire   . .          .
                       - Unarmed
rCold   + + +        (shield unavailable)
rNeg    . . .        (body armour unavailable)
rPois   +            (helmet unavailable)
rElec   .            (cloak unavailable)
rCorr   .            (gloves unavailable)
SInv    +            (boots unavailable)
Will    +....        n - amulet of Veresch {Reflect rC+ Regen+ Str-2 Dex+3 SH+5}
Stlth   ++           d - +6 ring of dexterity
HPRegen 1.09/turn    h - ring of Boestemo {rPois rC+++ Str-4 Int+6 Dex+3}
MPRegen 0.14/turn

%: no teleportation, reflection
@: flux-form, glowing, studying Dodging
A: glow, contaminating, very small, claws 1, fangs 3, see invisible, shaggy fur
2, stealthy paws, no weapons or thrown items, no armour, multi-lived
a: Begin Untransformation, Renounce Religion, Minor Destruction, Lesser Servant
of Makhleb, Major Destruction, Greater Servant of Makhleb


You were in a Gauntlet.
You worshipped Makhleb.
Makhleb was extremely pleased with you.
You were something dangerously unstable.
You visited 3 branches of the dungeon, and saw 12 of its levels.
You also visited: Gauntlet.

You collected 719 gold pieces.

Inventory:

Jewellery
 d - a +6 ring of dexterity (left paw)
 g - an amulet of reflection
 h - the ring of Boestemo (right paw) {rPois rC+++ Str-4 Int+6 Dex+3}
   (You found it on level 6 of the Dungeon)

   [ring of intelligence]

   Str-4:     It affects your strength (-4).
   Int+6:     It affects your intelligence (+6).
   Dex+3:     It affects your dexterity (+3).
   rC+++:     It renders you almost immune to cold.
   rPois:     It protects you from poison
 n - the amulet of Veresch (around neck) {Reflect rC+ Regen+ Str-2 Dex+3 SH+5}
   (You found it on level 3 of the Dungeon)

   [amulet of reflection]

   Reflect:   It reflects blocked missile attacks.
   Str-2:     It affects your strength (-2).
   Dex+3:     It affects your dexterity (+3).
   rC+:       It protects you from cold.
   Regen+:    It increases your rate of health regeneration.
   SH+5:      It affects your SH (+5).
 o - a ring of poison resistance
Talismans
 b - a beast talisman
 c - a flux talisman (active)
 q - a blade talisman
 u - a maw talisman
Wands
 t - a wand of mindburst (3)
 w - a wand of flame (28)
 C - a wand of charming (5)
Scrolls
 a - 2 scrolls of immolation
 x - 2 scrolls of teleportation
 y - a scroll of fog
Potions
 e - 3 potions of resistance
 f - a potion of enlightenment
 k - 3 potions of brilliance
 p - a potion of berserk rage
 s - 6 potions of curing
 v - 2 potions of mutation {unknown}
 z - a potion of attraction


   Skills:
 - Level 5.0 Fighting
 + Level 6.5 Dodging
 - Level 5.0 Stealth
 - Level 12.7 Unarmed Combat
 + Level 3.2 Invocations
 + Level 1.6 Evocations
 - Level 10.0 Shapeshifting


You had 10 spell levels left.
You didn't know any spells.
Your spell library was empty.

Dungeon Overview and Level Annotations

Branches:
Dungeon (10/15)            Temple (1/1) D:7            Lair (1/5) D:8
Gauntlet (1/1)
    Orc: D:9-12

Altars:
Ashenzari
Cheibriados
Dithmenos
Elyvilon
Fedhas
Gozag
Hepliaklqana
Kikubaaqudgha
Makhleb
Nemelex Xobeh
Okawaru
Qazlal
Ru
Sif Muna
Trog
Uskayaw
Vehumet
Wu Jian
Xom
Yredelemnul
Zin
The Shining One

Annotations:
D:3 3 runed translucent doors, howech's ghost, amateur MiGl Gauntlet 10 transporters, 1 runed translucent door


Innate Abilities, Weirdness & Mutations

You are something dangerously unstable.
You glow with magical radiation, making you easy to see and hit.
Foes you strike become dangerously contaminated with magical radiation.
You have sharp claws.
You have razor-sharp teeth.
You have supernaturally acute eyesight. (SInv)
You are covered in thick fur. (AC +2)
Your paws help you pounce on unaware monsters.
You are incapable of wielding weapons or throwing items.
You cannot wear armour.
You gain extra lives every three experience levels.


Message History

You are engulfed in flames!
You die...
Your shape twists and changes as you die.
You rejoin the land of the living...
You begin transforming.
You continue transforming. x3
Your front paws revert to their normal proportions.
You turn into something dangerously unstable.
You open the door.
A minotaur comes into view.
Found a scroll labelled SEATIUPHUT.
Found a gate leading back out of this place.
Aiming: Mindburst
Press: ? - help, Shift-Dir - straight line, f - minotaur
Aim: a minotaur, wearing a +0 chain mail and quivering javelins (wandering, hasn't noticed you, chance to affect: 10%)
The minotaur bellows!
The minotaur resists with almost no effort.
Aiming: Mindburst
Press: ? - help, Shift-Dir - straight line, f/p - minotaur
Aim: a minotaur, wearing a +0 chain mail and quivering javelins (chance to affect: 10%)
The minotaur resists with almost no effort.
Aiming: Charm
Press: ? - help, Shift-Dir - straight line, f/p - minotaur
Aim: a minotaur, wearing a +0 chain mail and quivering javelins (chance to affect: 2%)
The minotaur resists with almost no effort.
The minotaur misses you. The minotaur gores you!
You claw the minotaur!
The minotaur begins to glow.
You bite the minotaur, but do no damage.
The minotaur is lightly wounded.
You scratch the minotaur but do no damage.
The minotaur glows dangerously bright.
The minotaur is lightly wounded.
The minotaur hits you! The minotaur gores you!
You scratch the minotaur but do no damage.
The minotaur shudders as magic cascades through it!!
The minotaur twists and deforms.
The minotaur is heavily wounded.
The minotaur hits you!
* * * LOW HITPOINT WARNING * * *
The minotaur gores you!
You die...

#
#######.©..©.###########
#####......# ##
#............ .
#.............
####.###.###.#
###.###.###.#
#...........
#.###.###.###.#
#.......p.....#
#######H####### #. ∩.
... +⌠.. #..⌠ ###+


You could see a minotaur (misshapen).

Vanquished Creatures
  2 boulder beetles (D:7)
  2 two-headed ogres (D:10)
  A worldbinder (Gauntlet)
  A gargoyle (D:10)
  Maggie (D:10)
  A polar bear (Lair:1)
  2 vampires
  14 yaks
  4 wyverns
  Grum (D:10)
  Eustachio (D:6)
  A steam dragon (D:7)
  Menkaure (D:5)
  4 water moccasins
  3 orc warriors
  5 black bears
  An ice beast (D:5)
  4 wolves (D:10)
  A boggart (Gauntlet)
  2 phantoms
  3 centaurs
  2 kobold brigands
  2 gnoll sergeants (D:10)
  3 scorpions
  6 bullfrogs
  15 wights
  6 killer bees
  7 howler monkeys
  4 crimson imps (D:10)
  4 bombardier beetles
  2 hounds
  3 orc priests
  A jelly (D:6)
  4 gnoll boudas (D:7)
  6 iguanas
  2 sleepcaps (D:7)
  12 orc wizards
  22 gnolls
  8 adders
  4 white imps (D:7)
  2 ufetubi (D:5)
  An adder zombie (D:3)
  A ribbon worm (D:4)
  4 dart slugs
  28 orcs
  13 ball pythons
  12 endoplasms
  4 giant cockroaches
  4 goblins
  5 hobgoblins
  8 jackals
  3 quokkas
  5 bats
  15 kobolds
  A quokka zombie (D:3)
  3 rats
277 creatures vanquished.

Notes
Turn   | Place    | Note
-------+----------+-------------------------------------------
     0 | D:1      | hawla the Felid Shapeshifter began the quest for the Orb.
     0 | D:1      | Reached XP level 1. HP: 10/10 MP: 2/2
    89 | D:1      | Reached XP level 2. HP: 14/14 MP: 3/3
   182 | D:1      | Found a faded altar of an unknown god.
   494 | D:1      | Reached skill level 4 in Unarmed Combat
   923 | D:2      | Reached XP level 3. HP: 18/18 MP: 4/4
  1395 | D:2      | Reached XP level 4. HP: 22/22 MP: 5/5
  1395 | D:2      | Gained a life (2 lives remaining)
  1399 | D:2      | Reached skill level 5 in Unarmed Combat
  1545 | D:3      | Found an ornate altar of the Wu Jian Council.
  1789 | D:3      | Noticed a scorpion
  1827 | D:3      | Killed a scorpion
  1828 | D:3      | Reached skill level 6 in Unarmed Combat
  1828 | D:3      | Reached XP level 5. HP: 16/25 MP: 6/6
  1906 | D:3      | Identified the amulet of Veresch {Reflect rC+ Regen+ Str-2
                  | Dex+3 SH+5}
  1933 | D:3      | Found a burning altar of Makhleb.
  1944 | D:3      | Became a worshipper of Makhleb the Destroyer
  2266 | D:3      | Found a runed translucent gate.
  2266 | D:3      | Found a runed translucent gate.
  2266 | D:3      | Found a runed translucent gate.
  2266 | D:3      | Noticed howech's ghost (amateur MiGl)
  2269 | D:3      | Found a basalt altar of Yredelemnul.
  2733 | D:4      | Noticed a black bear
  2738 | D:4      | Killed a black bear
  2739 | D:4      | Reached skill level 7 in Unarmed Combat
  2739 | D:4      | Gained mutation: You are covered in thick fur. (AC +2)
                  | [Felid growth]
  2739 | D:4      | Reached XP level 6. HP: 30/30 MP: 7/7
  2783 | D:4      | Reached skill level 1 in Invocations
  3129 | D:4      | Reached XP level 7. HP: 33/33 MP: 8/8
  3166 | D:4      | Reached * piety under Makhleb
  3353 | D:5      | Entered Level 5 of the Dungeon
  3370 | D:5      | Found a shadowy altar of Dithmenos.
  3649 | D:5      | Found a shimmering blue altar of Sif Muna.
  3662 | D:5      | Noticed Menkaure
  3670 | D:5      | Killed Menkaure
  3671 | D:5      | Reached skill level 5 in Shapeshifting
  4268 | D:5      | Reached XP level 8. HP: 37/37 MP: 9/9
  4408 | D:5      | Found a blossoming altar of Fedhas.
  4722 | D:6      | Noticed Eustachio
  4731 | D:6      | Killed Eustachio
  4735 | D:6      | Identified the ring of Boestemo {rPois rC+++ Str-4 Int+6
                  | Dex+3}
  4815 | D:6      | Found a hazy altar of Hepliaklqana.
  4949 | D:6      | Reached skill level 1 in Stealth
  5009 | D:6      | Killed from afar by a vampire
  5009 | D:6      | Lost a life (1 life remaining)
  5136 | D:6      | Reached skill level 5 in Stealth
  5180 | D:6      | Reached ** piety under Makhleb
  5204 | D:6      | Reached XP level 9. HP: 42/46 MP: 10/10
  5204 | D:6      | Gained a life (2 lives remaining)
  5212 | D:6      | Reached skill level 5 in Fighting
  5653 | D:7      | Found a staircase to the Ecumenical Temple.
  5722 | D:7      | Reached skill level 5 in Dodging
  5765 | D:7      | Noticed a boulder beetle
  5765 | D:7      | Noticed a boulder beetle
  5818 | D:7      | Killed a boulder beetle
  5819 | D:7      | Reached skill level 9 in Unarmed Combat
  5854 | D:7      | Killed a boulder beetle
  5855 | D:7      | Reached skill level 10 in Unarmed Combat
  5855 | D:7      | Reached XP level 10. HP: 51/51 MP: 10/12
  6203 | D:7      | Reached skill level 1 in Evocations
  6476 | D:6      | Reached *** piety under Makhleb
  6528 | D:7      | Found an ancient bone altar of Kikubaaqudgha.
  7237 | D:8      | Reached **** piety under Makhleb
  7240 | D:8      | Found an iron altar of Okawaru.
  7294 | D:8      | Found a staircase to the Lair.
  7483 | D:8      | Found a hide-covered altar of Uskayaw.
  7595 | D:8      | Found a glowing silver altar of Zin.
  7789 | D:9      | Found an opulent altar of Gozag.
  8370 | D:10     | Entered Level 10 of the Dungeon
  8388 | D:10     | Noticed Maggie
  8399 | D:10     | Killed Maggie
  8400 | D:10     | Reached skill level 10 in Shapeshifting
  8426 | D:10     | Noticed a two-headed ogre
  8430 | D:10     | Killed a two-headed ogre
  8431 | D:10     | Reached XP level 11. HP: 39/55 MP: 14/14
  8495 | D:10     | Found a bloodstained altar of Trog.
  8608 | D:10     | Found a snail-covered altar of Cheibriados.
  8620 | D:10     | Noticed a two-headed ogre
  8632 | D:10     | Killed a two-headed ogre
  8633 | D:10     | Reached skill level 11 in Unarmed Combat
  8855 | D:10     | Noticed Grum
  8867 | D:10     | Killed Grum
  8994 | D:10     | Found a broken altar of Ashenzari.
  9063 | D:10     | Found a shimmering altar of Xom.
  9291 | Temple   | Entered the Ecumenical Temple
  9353 | Lair:1   | Entered Level 1 of the Lair of Beasts
  9378 | Lair:1   | Reached skill level 12 in Unarmed Combat
  9390 | Lair:1   | Identified a scroll of acquirement
  9390 | Lair:1   | Acquired a manual of Dodging
  9445 | Lair:1   | Reached ***** piety under Makhleb
  9522 | Lair:1   | Found a gate leading to a gauntlet.
  9540 | Gauntlet | Entered a Gauntlet
  9540 | Gauntlet | Found a transporter.
  9540 | Gauntlet | Found a runed translucent door.
  9540 | Gauntlet | Found a transporter.
  9540 | Gauntlet | Found a transporter.
  9540 | Gauntlet | Found a runed translucent door.
  9546 | Gauntlet | Found a transporter.
  9547 | Gauntlet | Found a transporter.
  9550 | Gauntlet | Found a transporter.
  9557 | Gauntlet | Found a transporter.
  9558 | Gauntlet | Found a transporter.
  9559 | Gauntlet | Found a transporter.
  9559 | Gauntlet | Noticed a death scarab
  9575 | Gauntlet | Found a transporter.
  9582 | Gauntlet | Noticed a death scarab
  9583 | Gauntlet | Found a transporter.
  9607 | Gauntlet | Found a transporter.
  9613 | Gauntlet | Noticed a death scarab
  9715 | Gauntlet | Killed from afar by a laughing skull
  9715 | Gauntlet | Lost a life (1 life remaining)
  9738 | Gauntlet | HP: 2/55 [chaos spawn (8)]
  9738 | Gauntlet | Mangled by a chaos spawn
  9738 | Gauntlet | Lost a life (0 lives remaining)
  9761 | Gauntlet | Noticed a minotaur
  9767 | Gauntlet | Slain by a minotaur

Illustrated notes

Levels and vault maps discovered:
D:1:      tarquinn_simple_flora_water_a, layout_basic,
          shapermc_ecumenical_altar_venn, minmay_misc_feat_roman,
          chequers_serial_rivers_marsh
D:2:      layout_loops_ring
D:3:      layout_basic, lemuel_coloured_pillars_altar,
          mainiacjoe_overflow_cross_hatched, nicolae_yredelemnul_ghost_church,
          kennysheep_generic_room_14
D:4:      minmay_razor_zed, layout_basic
D:5:      layout_layer_cave, fedhas_altar_fruit_tree, grunt_dithmenos_smoke,
          hellmonk_sif_muna_bookshelves, uniq_menkaure
D:6:      minmay_opposing_rooms, layout_loops_ring, lemuel_tele_altar,
          uniq_eustachio
D:7:      nzn_winding_woodlands_cross [nzn_winding_woodlands_5x15_twine,
          nzn_winding_woodlands_5x15_lazy_stream,
          nzn_winding_woodlands_5x15_crooked,
          nzn_winding_woodlands_5x15_concentric,
          nzn_winding_woodlands_15x15_killbox], layout_gridville,
          nicolae_overflow_hidden_temple, temple_statues,
          dreamdust_gnoll_shepherd
D:8:      layout_cave_pools, okawaru_ov_weapons_minmay, zin_statuary,
          nicolae_uskayaw_murder_on_the_dancefloor, dpeg_oklobed_lair
D:9:      layout_loops_ring, nicolae_gozag_cash_rules_everything_around_me,
          evilmike_minifort
D:10:     layout_gridville, overflow_temple_1_default, ashenzari_altar_1,
          bloody_trog, led_xom_imps, minivault_1, st_stairs_6, uniq_maggie,
          uniq_grum
Temple:   nicolae_temple_superstar
Lair:1:   layout_roguey, gauntlet_entry_generic, portal_ice_cave_entry_pillars_1
Gauntlet: minmay_gauntlet_mixed_big_or_small [gammafunk_gauntlet_arena_corners,
          minmay_gauntlet_arena_77_cramped, nicolae_gauntlet_swirl,
          minmay_gauntlet_arena_77_mirror, gammafunk_gauntlet_arena_spirals,
          minmay_gauntlet_arena_77_hold_the_fort, gauntlet_exit_hidden_loot]

Skill      XL: |  1  2  3  4  5  6  7  8  9 10 11 |
---------------+----------------------------------+-----
Unarmed Combat | 4 6 7 10 12 | 12.7
Dodging        | 3 6 |  6.5
Invocations    | 1 3 |  3.2
Shapeshifting  | 4 6 7 10 | 10.0
Stealth        | 5 |  5.0
Fighting       | 4 5 |  5.0
Evocations     | 1 |  1.6

Action                     |  1- 3 |  4- 6 |  7- 9 | 10-12 || total
---------------------------+-------+-------+-------+-------++-------
  Melee: Unarmed           |    79 |   130 |   301 |   478 ||   988
         Bite              |     6 |    17 |    40 |    91 ||   154
         Punch             |     1 |     4 |     5 |     9 ||    19
         Maw               |       |       |       |    34 ||    34
  Evoke: Wand              |       |       |     2 |     6 ||     8
    Use: Scroll            |     1 |     5 |     7 |    11 ||    24
         Potion            |       |       |     2 |     2 ||     4
   Stab: Sleeping          |     2 |     5 |     2 |     4 ||    13
         Distracted        |       |     2 |       |     1 ||     3
 Armour: Skin              |    22 |    34 |   144 |   133 ||   333
  Dodge: Dodged            |    65 |    92 |   188 |   460 ||   805
  Block: Other             |       |    16 |    59 |   100 ||   175
         Reflection        |       |       |       |     6 ||     6
   Form: Flux              |       |       |     1 |     1 ||     2
         Blade             |       |       |       |     1 ||     1
         Maw               |       |       |       |     1 ||     1
